 Dungeon Crawl Stone Soup version 0.32-a0-599-gba8f9cf90e (webtiles) character file.

Game seed: 7035632869211122856

104 coffeevibing the Chopper (level 4, -2/63 HPs)
             Began as a Minotaur Berserker on Mar 2, 2024.
             Was a Believer of Trog.
             Incinerated by a bombardier beetle (5 damage)
             ... with a burning spray
             ... on level 2 of the Dungeon.
             The game lasted 00:38:49 (1527 turns).

coffeevibing the Chopper (Minotaur Berserker)       Turns: 1527, Time: 00:38:49

Health: -2/63      AC:  6    Str: 24    XL:     4   Next: 52%
Magic:  3/3        EV: 11    Int:  4    God:    Trog [**....]
Gold:   97         SH:  0    Dex:  9    Spells: 3/3 levels left

rFire   . . .        a - +0 hand axe
rCold   . . .        (no shield)
rNeg    . . .        i - +0 ring mail
rPois   .            (helmet restricted)
rElec   .            h - +0 cloak
rCorr   .            (no gloves)
SInv    .            (no boots)
Will    .....        (no amulet) Stlth
                     j - ring of flight
HPRegen 0.30/turn    (no ring)
MPRegen 0.08/turn

%: no passive effects
@: berserking, on fire, flying, glowing, very quick
A: horns 2, retaliatory headbutt
a: Renounce Religion, Berserk, Trog's Hand


You were on level 2 of the Dungeon.
You worshipped Trog.
Trog was pleased with you.
You visited 1 branch of the dungeon, and saw 2 of its levels.

You collected 97 gold pieces.

Inventory:

Hand Weapons
 a - a +0 hand axe (weapon)
Armour
 b - a +0 animal skin
 f - a +0 robe
 h - a +0 cloak (worn)
 i - a +0 ring mail (worn)
Jewellery
 j - a ring of flight (left hand)
Scrolls
 c - 3 scrolls of identify {unknown}
 d - 3 scrolls of immolation {unknown}
 e - a scroll of fear {unknown}
 g - a scroll of fog {unknown}
 l - a scroll of enchant armour {unknown}
Potions
 k - a potion of enlightenment {unknown}
 m - a potion of heal wounds {unknown}


   Skills:
 - Level 5.0 Fighting
 - Level 5.0 Axes
 + Level 2.9 Armour
 - Level 2.6 Dodging


You had 3 spell levels left.
You didn't know any spells.
Your spell library was empty.

Dungeon Overview and Level Annotations

Branches:
Dungeon (2/15) Zot: 10455

Altars:

Shops:
D:2 (


Innate Abilities, Weirdness & Mutations

You have a pair of horns on your head.
You reflexively headbutt those who attack you in melee.


Message History

You are too injured to fight recklessly!
You shake off the liquid fire.
The bombardier beetle misses you.
You are too injured to fight recklessly!
You are too injured to fight recklessly!
You hit the bombardier beetle but do no damage.
The bombardier beetle is almost dead.
The bombardier beetle sprays incendiary fluid at you.
The burning spray hits you.
You are covered in liquid fire!
You closely miss the bombardier beetle.
The bombardier beetle is almost dead.
The liquid fire burns you!
* * * LOW HITPOINT WARNING * * *
The bombardier beetle sprays incendiary fluid at you.
The burning spray hits you.
You are even more covered in liquid fire!
You take 5 damage, and have 16/41 hp.
You slash the bombardier beetle!
You kill the bombardier beetle!
Trog accepts your kill. The liquid fire burns you!
* * * LOW HITPOINT WARNING * * *
Training target 5.0 for Fighting reached!
Your Fighting skill increases to level 5!
You need to enable at least one skill for training.
You take 7 damage, and have 9/42 hp.
You shake off some of the fire as you move.
The liquid fire burns you!
* * * LOW HITPOINT WARNING * * *
You take 4 damage, and have 5/42 hp.
You shake off some of the fire as you move.
The liquid fire burns you!
* * * LOW HITPOINT WARNING * * *
You take 3 damage, and have 2/42 hp.
Okay, then.
A red film seems to cover your vision as you go berserk!
You feel yourself moving faster!
You feel mighty! The liquid fire burns you!
You die...

#########†# ###.#
.....# #..# #.#
####.# #.## #.#
#.###.# #.#
#.....### #.#
###.....####.## ###
#..###÷.##...##...##
# #.##
##...†......?.# ##
#.# ##....@.......
.####.#
#............
.<....#
#............
......#
##..........#
#.....# ##...##...##
#.....# ##### ####
#.....# #.....#
#....<#


There were no monsters in sight!

Vanquished Creatures
  A bombardier beetle (D:2)
  2 adders (D:2)
  5 dart slugs
  A ribbon worm (D:2)
  2 bats
  4 endoplasms (D:1)
  5 giant cockroaches
  5 goblins (D:1)
  A hobgoblin (D:1)
  A kobold (D:1)
  4 quokkas
  4 ball pythons (D:1)
  5 frilled lizards
  3 rats
43 creatures vanquished.

Notes
Turn   | Place    | Note
-------+----------+-------------------------------------------
     0 | D:1      | coffeevibing the Minotaur Berserker began the quest for the
                  | Orb.
     0 | D:1      | Reached XP level 1. HP: 19/19 MP: 0/0
    71 | D:1      | Reached XP level 2. HP: 24/27 MP: 1/1
   674 | D:1      | Reached XP level 3. HP: 21/33 MP: 2/2
  1002 | D:2      | Reached ** piety under Trog
  1027 | D:2      | Found Begepi's Antique Weapon Emporium.
  1190 | D:2      | Reached skill level 5 in Axes
  1316 | D:2      | Reached XP level 4. HP: 41/41 MP: 3/3
  1525 | D:2      | Reached skill level 5 in Fighting
  1526 | D:2      | HP: 2/42 [burnt (3)]
  1527 | D:2      | Incinerated by a bombardier beetle

Illustrated notes

Levels and vault maps discovered:
D:1:      reono_arrival_forest_river, layout_rooms, minivault_27, minivault_14
D:2:      layout_rooms, serial_shops, shop

Skill      XL: |  1  2  3  4 |
---------------+-------------+-----
Axes           | 4 5 |  5.0
Fighting       | 4 5 |  5.0
Armour         | |  2.9
Dodging        | |  2.6

Action                     |  1- 3 |  4- 6 || total
---------------------------+-------+-------++-------
  Melee: Hand axe          |   101 |    13 ||   114
         Headbutt          |    16 |     2 ||    18
 Invoke: Berserk           |       |     1 ||     1
 Armour: Animal skin       |    41 |       ||    41
         Robe              |    10 |       ||    10
         Ring mail         |     2 |     3 ||     5
  Dodge: Dodged            |    53 |     5 ||    58

Table legend: (Time is in decaauts)
 A = Elapsed time spent in this place.
 B = Non-inter-level travel time spent in this place.
 C = Inter-level travel time spent in this place.
 D = Time resting spent in this place.
 E = Time spent auto-exploring this place.
 F = Levels seen in this place.
 G = Mean time per level.
                   A        B        C        D        E       F      G
               +--------+--------+--------+--------+--------+-----+--------+
         Total |   1544 |   1518 |     26 |    278 |    876 |   2 |  772.0 |
       Dungeon |   1544 |   1518 |     26 |    278 |    876 |   2 |  772.0 |
               +--------+--------+--------+--------+--------+-----+--------+

Top non-repeatable levels by time:
     D:1: 998 daAuts
     D:2: 546 daAuts
